 Seeded DCSS version 0.32-a0-960-g3814254bd7 (webtiles) character file.

Game seed: 202404172 (custom seed)

53120 Orlauf the Severer (level 13, -5/106 HPs)
             Began as a Demonspawn Gladiator on Apr 17, 2024.
             Slain by a death yak (12 damage)
             ... on level 5 of the Lair of Beasts.
             The game lasted 00:24:07 (11934 turns).

Orlauf the Severer (Demonspawn Gladiator)          Turns: 11934, Time: 00:24:07

Health: -5/106     AC: 20    Str: 15    XL:     13   Next: 89%
Magic:  0/19       EV: 13    Int: 14    God:
Gold:   693        SH:  0    Dex: 21    Spells: 12/12 levels left

rFire   . . .        a - +8 war axe of Gallantry {heavy, rElec rPois rN+ Dex+2}
rCold   . . .        (no shield)
rNeg    + . .        M - +4 chain mail {Will+}
rPois   +            J - +1 hat "Hapre" {rElec Str-3 Int+5}
rElec   +            (no cloak)
rCorr   .            t - +2 pair of gloves {Dex+3}
SInv    .            (no boots)
Will    +....        k - amulet of regeneration Stlth
                     l - +5 ring of evasion
HPRegen 1.17/turn    j - +4 ring of slaying
MPRegen 0.32/turn

%: guardian spirit
@: no status effects
A: antennae 2, demonic guardian 3, magic shield, magic regeneration, weakness
stinger 1, demonic touch 2
a: no special abilities


You were on level 5 of the Lair of Beasts.
You visited 3 branches of the dungeon, and saw 15 of its levels.
You also visited: Gauntlet.

You collected 693 gold pieces.

Inventory:

Hand Weapons
 a - the +8 war axe of Gallantry (weapon) {heavy, rElec rPois rN+ Dex+2}
   (You took it off a minotaur in a Gauntlet)

   Dex+2:     It affects your dexterity (+2).
   rElec:     It insulates you from electricity.
   rPois:     It protects you from poison.
   rN+:       It protects you from negative energy.
 b - a +1 battleaxe of flaming
 u - a +1 war axe of flaming
 x - a +1 war axe of electrocution
 L - a +2 hand cannon of electrocution
Missiles
 d - 2 throwing nets
 e - 8 javelins (quivered)
 i - 43 poisoned darts
Armour
 t - a +2 pair of gloves of dexterity (worn)
 w - a +3 leather armour of poison resistance
 y - a +0 chain mail of cold resistance
 J - the +1 hat "Hapre" (worn) {rElec Str-3 Int+5}
   (You found it in a Gauntlet)

   Str-3:     It affects your strength (-3).
   Int+5:     It affects your intelligence (+5).
   rElec:     It insulates you from electricity.
 M - a +4 chain mail of willpower (worn)
Jewellery
 j - a +4 ring of slaying (right hand)
 k - an amulet of regeneration (around neck)
 l - a +5 ring of evasion (left hand)
 v - a ring of magical power
 z - a ring of protection from cold
 D - an amulet of reflection
 Q - an amulet of magic regeneration
Wands
 r - a wand of charming (11)
 s - a wand of flame (21)
 A - a wand of mindburst (18)
 E - a wand of polymorph (7)
 F - a wand of digging (9)
Scrolls
 g - 2 scrolls of poison
 h - a scroll of amnesia
 m - 11 scrolls of teleportation
 B - 3 scrolls of vulnerability
 H - a scroll of identify
 I - a scroll of enchant weapon
 N - a scroll of enchant armour
Potions
 c - 4 potions of brilliance
 f - 2 potions of resistance
 n - 2 potions of cancellation
 o - a potion of mutation
 p - 2 potions of magic
 q - 3 potions of berserk rage
 G - 2 potions of lignification
 O - a potion of enlightenment
 P - a potion of attraction
 R - a potion of curing
Miscellaneous
 C - a phial of floods
 K - a phantom mirror


   Skills:
 + Level 11.4 Fighting
 * Level 16.2 Axes
 - Level 1.7 Throwing
 - Level 10.4 Armour
 - Level 2.6 Dodging
 + Level 8.2 Invocations


You had 12 spell levels left.
You didn't know any spells.
Your spell library contained the following spells:

 Spells                   Type           Power      Damage    Failure   Level
 Shock                    Conj/Air       0%         1d3       94%         1
 Sting                    Conj/Alch      0%         1d3       94%         1
 Cigotuvi's Dreadful Rot  Necr/Alch/Air  0%         N/A       98%         2
 Ensorcelled Hibernation  Hex/Ice        0%         N/A       98%         2
 Mercury Vapours          Alch/Air       0%         N/A       98%         2
 Static Discharge         Conj/Air       0%         3-3/arc   98%         2
 Fugue of the Fallen      Necr           0%         N/A       100%        3
 Inner Flame              Hex/Fire       0%         N/A       100%        3
 Swiftness                Air            0%         N/A       100%        3
 Tukima's Dance           Hex            0%         N/A       100%        3
 Airstrike                Air            0%         2d(0-16)  100%        4
 Anguish                  Hex/Necr       0%         N/A       100%        4
 Dimensional Bullseye     Hex/Tloc       0%         N/A       100%        4
 Dispel Undead            Necr           0%         3d6       100%        4
 Flame Wave               Conj/Fire      0%         2d4       100%        4
 Ignite Poison            Fire/Alch      0%         N/A       100%        4
 Iskenderun's Mystic Bla Conj/Tloc 0%             2d3        (+2d1     100%        4
 Martyr's Knell           Necr/Summ      0%         N/A       100%        4
 Olgreb's Toxic Radiance  Alch           0%         N/A       100%        4
 Passage of Golubria      Tloc           0%         N/A       100%        4
 Petrify                  Alch/Erth      0%         N/A       100%        4
 Sticky Flame             Fire/Alch      0%         2d4       100%        4
 Summon Lightning Spire   Summ/Air       0%         N/A       100%        4
 Irradiate                Conj/Alch      0%         3d11      100%        5
 Yara's Violent Unravell  Hex/Alch       0%         3d3       100%        5
 Fulsome Fusillade        Conj/Alch      0%         (3-5)d4   100%        8
 Ignition                 Fire           0%         3d3       100%        8


Dungeon Overview and Level Annotations

Branches:
Dungeon (9/15)             Temple (1/1) D:5            Lair (5/5) D:8
  Swamp (0/4) Lair:3        Snake (0/4) Lair:2        Slime (0/5) Lair:4
Gauntlet (visited)
    Orc: D:9-12

Altars:
Ashenzari
Cheibriados
Dithmenos
Fedhas
Gozag
Hepliaklqana
Kikubaaqudgha
Makhleb
Nemelex Xobeh
Okawaru
Qazlal
Ru
Sif Muna
Trog
Uskayaw
Vehumet
Wu Jian
Xom
Yredelemnul
Jiyva

Annotations:
Lair:2 3 runed translucent doors, lucidstorm14's ghost, journeyman MiBe
Lair:4 1 runed translucent door


Innate Abilities, Weirdness & Mutations

You have a pair of antennae on your head.
A powerful demonic guardian rushes to your aid.
When hurt, damage is shared between your health and your magic reserves.
You regenerate magic rapidly.
You have a small tail.
Your touch may inflict irresistible damage on your foes.


Message History

The death yak is heavily wounded.
You hit the death yak. x2; You slash the death yak!
The death yak misses you. The death yak barely misses you. x3
You slice the death yak!!
You touch the death yak.
You kill the death yak!
You barely miss the death yak. You hit the death yak but do no damage.
You hit the death yak. You slash the death yak! You hit the death yak.
The death yak gores you!
A demonic guardian appears!
The death yak gores you but does no damage. x2
The death yak barely misses you. The death yak closely misses you.
You hit the death yak but do no damage.
You touch the death yak!
The death yak is heavily wounded.
You hit the death yak but do no damage. You barely miss the death yak.
You slice the death yak!! You slash the death yak!
The death yak gores you but does no damage.
The death yak barely misses you. The death yak gores you!
The death yak gores you!! The death yak barely misses you.
Your smoke demon hits the death yak.
Your smoke demon hits the death yak but does no damage.
Your smoke demon completely misses the death yak.
The death yak gores your smoke demon!! The death yak gores you!!
The death yak closely misses you.
The death yak gores you but does no damage.
The death yak gores you!
You strike the helpless death yak from behind!
You slash the death yak!
You kill the death yak!
You barely miss the death yak. You slice the death yak!!
You slash the death yak! You slice the death yak!! The death yak gores you.
The death yak gores you!
* * * LOW HITPOINT WARNING * * *
The death yak closely misses you. The death yak gores you!
* * * LOW HITPOINT WARNING * * *
Okay, then.
As you read the scroll labelled CAK CEFOIDD, it crumbles to dust.
The creatures around you are filled with an inner flame!
It was a scroll of immolation.
The death yak gores you but does no damage.
The death yak gores you!
You die...

...........##
..............#
..........†.#.#
...........####
.............P#
......#.......#
.............##
......Y†..[.##
......3@...##
......YYY..#
.(.........#
.P.....#..##
.......####
......# #.....
##.P##


You could see 4 death yaks and a friendly smoke demon (summoned, inner flame).

Vanquished Creatures
  A minotaur (Gauntlet)
  Fannar (Lair:1)
  5 hydras
  Erica (D:9)
  3 two-headed ogres (D:9)
  2 death yaks (Lair:5)
  A skyshark (Lair:2)
  An arcanist (Gauntlet)
  Pikel (D:5)
  A deep elf pyromancer (D:9)
  Joseph (D:7)
  2 torpor snails
  2 black mambas (Lair:4)
  Jeremiah (D:7)
  7 cane toads
  Maggie (D:7)
  8 komodo dragons
  3 rime drakes
  4 hornets (Lair:5)
  A tyrant leech (Lair:3)
  5 polar bears (Lair:5)
  11 blink frogs
  2 dream sheep (Lair:5)
  13 spriggans (Lair:5)
  Sigmund (D:3)
  A wraith (D:8)
  42 yaks
  3 wyverns
  3 basilisks
  A warg (D:8)
  2 steam dragons
  3 nagas (Lair:2)
  3 swamp worms (Gauntlet)
  15 water moccasins
  3 orc warriors
  2 ice beasts
  Duvessa (D:7)
  4 sky beasts
  Pargi (D:3)
  3 boggarts (Lair:5)
  2 black bears (Lair:5)
  4 ogres
  36 wolves
  2 phantoms
  4 kobold brigands
  12 bullfrogs
  A gnoll sergeant (D:9)
  Blork the orc (D:4)
  4 scorpions
  7 wights
  Dowan (D:7)
  2 killer bees (D:6)
  2 bombardier beetles
  2 hounds
  12 orc priests
  A sleepcap (D:7)
  2 iguanas (D:5)
  5 orc wizards
  7 gnolls
  6 adders
  3 shadow imps
  3 white imps
  2 ufetubi (D:6)
  2 dart slugs
  2 ribbon worms
  19 orcs
  7 ball pythons
  6 endoplasms
  5 giant cockroaches
  7 goblins
  9 hobgoblins
  3 jackals (D:2)
  21 kobolds
  9 quokkas
  5 bats
  4 frilled lizards
  7 rats
393 creatures vanquished.

Vanquished Creatures (collateral kills)
  A spriggan (Lair:5)
  A polar bear (Lair:5)
  A hornet (Lair:5)
  A yak (Lair:4)
  2 nagas (Lair:2)
  3 wolves (Lair:5)
  A centaur (D:9)
  2 wights (D:9)
  2 killer bees (D:6)
  A gnoll bouda (D:4)
  3 gnolls (D:4)
  4 orcs
22 creatures vanquished.

Grand Total: 415 creatures vanquished

Notes
Turn   | Place    | Note
-------+----------+-------------------------------------------
     0 | D:1      | Orlauf the Demonspawn Gladiator began the quest for the
                  | Orb.
     0 | D:1      | Reached XP level 1. HP: 16/16 MP: 1/1
   194 | D:1      | Reached skill level 3 in Axes
   228 | D:1      | Discovered your monstrous ancestry.
   228 | D:1      | Gained mutation: You have a pair of small antennae on your
                  | head. [demonic ancestry]
   228 | D:1      | Reached XP level 2. HP: 16/22 MP: 2/2
   797 | D:2      | Gained mutation: Your touch may inflict minor irresistible
                  | damage on your foes. [demonic ancestry]
   797 | D:2      | Reached XP level 3. HP: 22/28 MP: 3/3
  1087 | D:2      | Found a faded altar of an unknown god.
  1217 | D:2      | Reached skill level 4 in Axes
  1217 | D:2      | Gained mutation: A weak demonic guardian rushes to your
                  | aid. [demonic ancestry]
  1217 | D:2      | Reached XP level 4. HP: 34/35 MP: 4/4
  1540 | D:3      | Noticed an ice beast
  1549 | D:3      | Killed an ice beast
  1550 | D:3      | Reached XP level 5. HP: 25/41 MP: 5/5
  1628 | D:3      | Noticed Pargi
  1639 | D:3      | Killed Pargi
  1640 | D:3      | Reached skill level 5 in Axes
  1640 | D:3      | Gained mutation: A demonic guardian rushes to your aid.
                  | [demonic ancestry]
  1640 | D:3      | Reached XP level 6. HP: 36/48 MP: 6/6
  1842 | D:3      | Noticed Sigmund
  1852 | D:3      | Killed Sigmund
  1853 | D:3      | Reached skill level 6 in Axes
  1853 | D:3      | Gained mutation: You have a small tail. [demonic ancestry]
  1853 | D:3      | Reached XP level 7. HP: 55/55 MP: 7/7
  1866 | D:3      | Found a stormy altar of Qazlal.
  2172 | D:4      | Found an iron altar of Okawaru.
  2318 | D:4      | Reached skill level 5 in Fighting
  2953 | D:5      | Entered Level 5 of the Dungeon
  2953 | D:5      | Noticed Blork the orc
  2958 | D:4      | Reached skill level 7 in Axes
  2962 | D:4      | Killed Blork the orc
  2986 | D:5      | Gained mutation: You regenerate magic rapidly. [demonic
                  | ancestry]
  2986 | D:5      | Reached XP level 8. HP: 62/64 MP: 8/8
  3241 | D:5      | Found a staircase to the Ecumenical Temple.
  3250 | Temple   | Entered the Ecumenical Temple
  3326 | D:5      | Got the Writings on Contamination
  3481 | D:5      | Noticed Pikel
  3489 | D:5      | Killed Pikel
  3490 | D:5      | Reached skill level 8 in Axes
  3557 | D:5      | Reached skill level 9 in Axes
  3894 | D:6      | Gained mutation: When hurt, damage is shared between your
                  | health and your magic reserves. [demonic ancestry]
  3894 | D:6      | Reached XP level 9. HP: 67/72 MP: 9/9
  4336 | D:6      | Reached skill level 10 in Axes
  4850 | D:7      | Noticed Joseph
  4858 | D:7      | Killed Joseph
  4884 | D:7      | Noticed Duvessa
  4884 | D:7      | Noticed Dowan
  4889 | D:7      | Killed Dowan
  4893 | D:7      | Killed Duvessa
  4927 | D:7      | Reached skill level 11 in Axes
  5042 | D:7      | Found a sacrificial altar of Ru.
  5068 | D:7      | Noticed Jeremiah
  5082 | D:7      | Killed Jeremiah
  5083 | D:7      | Gained mutation: A powerful demonic guardian rushes to your
                  | aid. [demonic ancestry]
  5083 | D:7      | Reached XP level 10. HP: 50/79 MP: 7/10
  5118 | D:7      | Noticed Maggie
  5128 | D:7      | Killed Maggie
  5787 | D:8      | Found a staircase to the Lair.
  5963 | D:8      | Reached skill level 12 in Axes
  6556 | D:9      | Noticed Erica
  6569 | D:9      | Killed Erica
  6761 | D:9      | Noticed a two-headed ogre
  6784 | D:9      | Killed a two-headed ogre
  6785 | D:9      | Gained mutation: Your touch may inflict irresistible damage
                  | on your foes. [demonic ancestry]
  6785 | D:9      | Reached XP level 11. HP: 32/89 MP: 5/11
  7002 | D:9      | Noticed a two-headed ogre
  7012 | D:9      | Killed a two-headed ogre
  7013 | D:9      | Reached skill level 5 in Armour
  7018 | D:9      | Noticed a two-headed ogre
  7028 | D:9      | Killed a two-headed ogre
  7127 | D:9      | Noticed a deep elf pyromancer
  7134 | D:9      | Killed a deep elf pyromancer
  7282 | Lair:1   | Entered Level 1 of the Lair of Beasts
  7366 | Lair:1   | Reached skill level 13 in Axes
  7499 | Lair:1   | Noticed Fannar
  7512 | Lair:1   | Killed Fannar
  8091 | Lair:2   | Found a gate leading to a gauntlet.
  8104 | Gauntlet | Entered a Gauntlet
  8104 | Gauntlet | Noticed an arcanist
  8104 | Gauntlet | Found a transporter.
  8104 | Gauntlet | Found a transporter.
  8104 | Gauntlet | Found a transporter.
  8105 | Gauntlet | Found a transporter.
  8106 | Gauntlet | Found a transporter.
  8106 | Gauntlet | Noticed a soul eater
  8109 | Gauntlet | Found a transporter.
  8115 | Gauntlet | Found a transporter.
  8118 | Gauntlet | Found a transporter.
  8120 | Gauntlet | Found a transporter.
  8122 | Gauntlet | Found a transporter.
  8123 | Gauntlet | Noticed a green death
  8130 | Gauntlet | Found a transporter.
  8130 | Gauntlet | Found a transporter.
  8239 | Gauntlet | Noticed an eight-headed hydra
  8288 | Gauntlet | Killed an arcanist
  8337 | Gauntlet | Killed a four-headed hydra
  8374 | Gauntlet | Identified the +1 hat "Hapre" {rElec Str-3 Int+5}
  8435 | Gauntlet | Identified the +8 war axe of Gallantry {heavy, rElec rPois
                  | rN+ Dex+2}
  8435 | Gauntlet | Noticed a minotaur
  8444 | Gauntlet | Killed a minotaur
  8445 | Gauntlet | Reached XP level 12. HP: 77/96 MP: 9/12
  8589 | Lair:2   | Found a staircase to the Snake Pit.
  8703 | Lair:2   | Found a runed translucent gate.
  8704 | Lair:2   | Found a runed translucent gate.
  8706 | Lair:2   | Found a runed translucent gate.
  8707 | Lair:2   | Noticed lucidstorm14's ghost (journeyman MiBe)
  8708 | Lair:2   | Noticed a great orb of eyes
  8711 | Lair:2   | Found a viscous altar of Jiyva.
  9246 | Lair:3   | Reached skill level 14 in Axes
  9256 | Lair:3   | Reached skill level 10 in Armour
  9556 | Lair:3   | Reached skill level 1 in Invocations
  9717 | Lair:3   | Found a staircase to the Swamp.
 10017 | Lair:4   | Reached skill level 10 in Fighting
 10202 | Lair:4   | Identified the +3 long sword of the Enemy {antimagic,
                  | Stlth+}
 10384 | Lair:4   | Gained mutation: You have a pair of antennae on your head.
                  | [demonic ancestry]
 10384 | Lair:4   | Reached XP level 13. HP: 58/103 MP: 8/16
 10451 | Lair:4   | Found a runed translucent door.
 10452 | Lair:4   | Found a viscous altar of Jiyva.
 10452 | Lair:4   | Noticed an azure jelly
 11081 | Lair:4   | Noticed an azure jelly
 11082 | Lair:4   | Noticed an azure jelly
 11083 | Lair:4   | Found a staircase to the Slime Pits.
 11083 | Lair:4   | Noticed an azure jelly
 11137 | Lair:5   | Entered Level 5 of the Lair of Beasts
 11156 | Lair:5   | Reached skill level 15 in Axes
 11158 | Lair:5   | Reached skill level 5 in Invocations
 11277 | Lair:5   | HP: 2/104 [spriggan rider/+0 spear (12)]
 11414 | Lair:5   | Got an earthy gem with 2 turns to spare
 11752 | Lair:5   | Reached skill level 16 in Axes
 11934 | Lair:5   | Slain by a death yak

Illustrated notes

Levels and vault maps discovered:
D:1:      dpeg_arrival_solitude, layout_loops_ring, solitary_fountain
D:2:      minmay_alternating_diamond, layout_basic,
          hellmonk_ecumenical_altar_crossroads, minmay_misc_feat_rugged
D:3:      layout_rooms, nicolae_qazlal_general_emergency, uniq_pargi,
          uniq_sigmund
D:4:      layout_gridville, okawaru_metal_pillars_1_2, elyvilon_altar_1
D:5:      layout_loops_cross, minmay_temple_entry_tees, nicolae_letterblocks
          [nicolae_letter_subblock, nicolae_letter_subblock,
          nicolae_letter_subblock, nicolae_letter_subblock,
          nicolae_letter_subblock, nicolae_letter_subblock,
          nicolae_letter_subblock, nicolae_letter_subblock,
          nicolae_letter_subblock, nicolae_letter_subblock,
          nicolae_letter_subblock, nicolae_letter_subblock,
          nicolae_letter_subblock, nicolae_letter_subblock,
          nicolae_letter_subblock, nicolae_letter_subblock,
          nicolae_letter_subblock, nicolae_letter_subblock,
          nicolae_letter_subblock, nicolae_letter_subblock,
          nicolae_letter_subblock, nicolae_letter_subblock,
          nicolae_letter_subblock, nicolae_letter_subblock,
          nicolae_letter_subblock], uniq_pikel, uniq_blork_the_orc
D:6:      layout_gridville
D:7:      layout_cave_pods, hangedman_ru_absence, uniq_joseph, uniq_maggie,
          uniq_jeremiah, uniq_duvessa
D:8:      layout_gridville, erik_lair_orcish_takeover,
          kennysheep_generic_room_14
D:9:      layout_rooms, uniq_erica
Temple:   mainiacjoe_temple_coin_purse
Lair:1:   layout_gridlike, uniq_fannar
Lair:2:   layout_gridlike, minmay_snake_entry_guardpost_medium,
          gauntlet_entry_generic, gammafunk_ghost_ooze
Lair:3:   layout_roguey, minmay_swamp_entry_worms, minmay_hedge_maze,
          grunt_megastairs_3
Lair:4:   layout_small_grid, slime_entry_2
Lair:5:   minmay_lair_end_enchanted_forest, layout_gridlike

Skill      XL: |  1  2  3  4  5  6  7  8  9 10 11 12 13 |
---------------+----------------------------------------+-----
Axes           | 3 4 5 6 7 9 11 12 13 14 16 | 16.2
Fighting       | 3 4 5 7 8 9 10 11 | 11.4
Armour         | 4 8 10 | 10.4
Invocations    | 4 8 |  8.2
Throwing       | |  1.7
Dodging        | |  2.6

Action                     |  1- 3 |  4- 6 |  7- 9 | 10-12 | 13-15 || total
---------------------------+-------+-------+-------+-------+-------++-------
  Melee: War axe           |    98 |    44 |   204 |   367 |   152 ||   865
         Touch             |     6 |    12 |    36 |    60 |    22 ||   136
         Tailslap          |       |       |    23 |    73 |    20 ||   116
         Battleaxe         |       |       |       |    27 |    22 ||    49
  Throw: Throwing net      |       |     2 |     1 |     2 |       ||     5
         Javelin           |       |       |       |       |     3 ||     3
  Evoke: Wand              |       |       |     3 |     1 |     2 ||     6
    Use: Scroll            |     6 |     2 |     8 |     7 |     2 ||    25
         Potion            |       |     2 |       |     5 |     2 ||     9
   Stab: Held in net/web   |       |     1 |       |     2 |       ||     3
         Distracted        |       |       |       |     1 |     2 ||     3
 Armour: Ring mail         |    65 |    25 |   104 |       |       ||   194
         Leather armour    |       |       |     6 |    11 |       ||    17
         Chain mail        |       |       |       |   366 |   228 ||   594
  Dodge: Dodged            |    72 |    56 |   158 |   267 |   161 ||   714

Table legend: (Time is in decaauts)
 A = Elapsed time spent in this place.
 B = Non-inter-level travel time spent in this place.
 C = Inter-level travel time spent in this place.
 D = Time resting spent in this place.
 E = Time spent auto-exploring this place.
 F = Levels seen in this place.
 G = Mean time per level.
                   A        B        C        D        E       F      G
               +--------+--------+--------+--------+--------+-----+--------+
         Total |  12020 |  11596 |    424 |    461 |   8372 |  16 |  751.2 |
       Dungeon |   7297 |   6950 |    347 |    336 |   5259 |   9 |  810.8 |
        Temple |     55 |     55 |      0 |      0 |      0 |   1 |   55.0 |
          Lair |   4266 |   4190 |     76 |     85 |   3113 |   5 |  853.2 |
      Gauntlet |    400 |    400 |      0 |     40 |      0 |   1 |  400.0 |
               +--------+--------+--------+--------+--------+-----+--------+

Top non-repeatable levels by time:
  Lair:4: 1196 daAuts
     D:8: 916 daAuts
     D:6: 885 daAuts
     D:7: 879 daAuts
     D:5: 859 daAuts
  Lair:2: 846 daAuts
     D:4: 834 daAuts
  Lair:5: 805 daAuts
     D:1: 794 daAuts
     D:9: 753 daAuts
     D:2: 743 daAuts
  Lair:3: 727 daAuts
  Lair:1: 690 daAuts
     D:3: 630 daAuts
Gauntlet: 400 daAuts
